 Dungeon Crawl Stone Soup version 0.21.1-1-g345015f (webtiles) character file.

27306 shakethe the Spear-Bearer (level 13, 0/165 HPs)
             Began as a Troll Berserker on Feb 7, 2018.
             Was an Elder of Trog.
             Slain by an alligator simulacrum (1 damage)
             ... on level 1 of the Abyss.
             The game lasted 01:15:34 (14601 turns).

shakethe the Spear-Bearer (Troll Berserker)        Turns: 14601, Time: 01:15:35

Health: 0/165      AC: 11    Str: 33      XL:     13   Next: 3%
Magic:  12/12      EV: 15    Int:  1 (5)  God:    Trog [****..]
Gold:   616        SH:  0    Dex: 17      Spells: 12/12 levels left

rFire    + . .     SeeInvis +   x - +10 halberd "Rummage" {freeze, rC+}
rCold    + + .     Gourm    +   (shield currently unavailable)
rNeg     . . .     Faith    .   Z - +4 robe of Life {rElec Int-5 SInv}
rPois    +         Spirit   .   (helmet restricted)
rElec    +         Reflect  .   z - +1 cloak of Starlight {rElec rC+ EV+4 Stlth--}
rCorr    .         Harm     .   (gloves unavailable)
MR       ++...     Rnd*Rage +   (boots unavailable) Stlth ..........Rnd*Tele +
                                G - amulet "Jorov" {Gourm rF+ Int+7}
HPRegen  1.77/turn              X - +4 ring of dexterity
MPRegen  0.13/turn              E - ring of the Aged Wars {rPois Dex+4}

@: berserking, lethally poisoned (0 -> 0), regenerating, slowed, lost
intelligence
A: large, unfitting armour, claws 3, berserk 1, clumsy 2, fast metabolism 3,
gourmand, regeneration 1, shaggy fur 1, teleportitis 2, tough skin 2
a: Berserk, Trog's Hand, Brothers in Arms, Burn Spellbooks, Renounce Religion


You were on level 1 of the Abyss.
You worshipped Trog.
Trog was greatly pleased with you.
You were not hungry.

You visited 3 branches of the dungeon, and saw 15 of its levels.
You visited the Abyss 1 time.
You also visited: Labyrinth.

You collected 616 gold pieces.

Inventory:

Hand Weapons
 x - the +10 halberd "Rummage" (weapon) {freeze, rC+}
   (You took it off an orc wizard on level 9 of the Dungeon)

   It has been specially enchanted to freeze those struck by it, causing extra
   injury to most foes and up to half again as much damage against particularly
   susceptible opponents.
   It can also slow down cold-blooded creatures.
   It protects you from cold.
 y - a +1 dire flail
 N - a +5 executioner's axe of distortion
 O - a +2 halberd
 P - a +3 great sword
Missiles
 r - 4 poisoned tomahawks (quivered)
Armour
 z - the +1 cloak of Starlight (worn) {rElec rC+ EV+4 Stlth--}
   (You found it on level 7 of the Dungeon)

   It affects your evasion (+4).
   It protects you from cold.
   It insulates you from electricity.
   It makes you much less stealthy.
 Z - the +4 robe of Life (worn) {rElec Int-5 SInv}
   (You found it on level 1 of the Lair of Beasts)

   It affects your intelligence (-5).
   It insulates you from electricity.
   It lets you see invisible.
Jewellery
 i - the ring of Lyoniula {rF++ MP+9 Int+2 Slay-2}
   (You took it off an orc warrior on level 9 of the Dungeon)

   [ring of magical power]

   It affects your intelligence (+2).
   It affects your accuracy and damage with ranged weapons and melee attacks
   (-2).
   It greatly protects you from fire.
   It affects your magic capacity (+9).
 p - a +5 ring of intelligence
 w - an uncursed ring of resist corrosion {unknown}
 A - the ring of the Mage {Wiz MR++ Int+3}
   (You took it off a minotaur in a labyrinth)

   [ring of wizardry]

   It improves your spell success rate.
   It affects your intelligence (+3).
   It affects your resistance to hostile enchantments.
 E - the ring of the Aged Wars (right claw) {rPois Dex+4}
   (You found it on level 9 of the Dungeon)

   [ring of poison resistance]

   It affects your dexterity (+4).
   It protects you from poison.
 G - the amulet "Jorov" (around neck) {Gourm rF+ Int+7}
   (You found it on level 9 of the Dungeon)

   [amulet of the gourmand]

   It allows you to eat raw meat even when not hungry.
   It affects your intelligence (+7).
   It protects you from fire.
 H - the ring of Qazlal's Supremacy {rPois rF+ rN++ Str-5 Stlth-}
   (You found it on level 9 of the Dungeon)

   [ring of loudness]

   It affects your strength (-5).
   It protects you from fire.
   It protects you from poison.
   It greatly protects you from negative energy.
   It makes you less stealthy.
 X - a +4 ring of dexterity (left claw)
Wands
 a - a wand of paralysis (14)
 k - a wand of enslavement (8)
 m - a wand of digging (49)
 u - a wand of flame (31)
 D - a wand of polymorph (17)
 Q - a wand of random effects (24)
 T - a wand of iceblast (12)
 U - a wand of clouds (12)
Scrolls
 h - 7 scrolls of remove curse
 l - 2 scrolls of immolation
 v - a scroll of amnesia
 C - 2 scrolls of enchant weapon
 K - 6 scrolls of teleportation
 L - 2 scrolls of identify
 R - 3 scrolls of fog
 Y - 3 scrolls of silence {unknown}
Potions
 b - 3 potions of ambrosia
 d - 2 potions of mutation
 e - 15 potions of curing
 g - 2 potions of invisibility
 j - 2 potions of might
 n - 4 potions of flight
 o - 4 potions of resistance
 q - a potion of heal wounds
 s - a potion of lignification
Books
 t - a book of Cantrips

   Spells                             Type                      Level
   a - Confusing Touch                Hexes                        1
   b - Animate Skeleton               Necromancy                   1
   c - Summon Small Mammal            Summoning                    1
   d - Apportation                    Translocation                1
   Trog disapproves of the use of such an item.
Miscellaneous
 V - a fan of gales
 W - a lamp of fire
Comestibles
 c - 21 rations


   Skills:
 - Level 2.4 Fighting
 - Level 12.7 Maces & Flails
 * Level 14.1 Polearms
 - Level 2.4 Dodging


You had 12 spell levels left.
You didn't know any spells.

Dungeon Overview and Level Annotations

Branches:
Dungeon (12/15)            Temple (1/1) D:7            Lair (2/6) D:11
    Orc (0/2) D:10
  Swamp: Lair:2-4    Shoals: Lair:2-4     Snake: Lair:2-4    Spider: Lair:2-4

Altars:
Ashenzari
Elyvilon
Fedhas
Kikubaaqudgha
Okawaru
Qazlal
Ru
Sif Muna
Uskayaw
Vehumet
Wu Jian
Yredelemnul
Zin

Shops:
D:6 }

Portals:
Ice
Cave: D:12

Annotations:
D:4 Monsterracer's ghost, amateur FeMo
Lair:2 Sonja


Innate Abilities, Weirdness & Mutations

You are too large for most types of armour.
You have claws for hands.
Your metabolism is lightning-fast.
You like to eat raw meat.
Your natural rate of healing is unusually fast.
You are covered in fur. (AC +1)
You have very tough skin. (AC +2)
You tend to lose your temper in combat.
You are very clumsy. (Dex -4)
You are sometimes teleported next to monsters.


Message History

You are too injured to fight recklessly!
Unknown command.
Your skin crawls.
You feel resistant to hostile enchantments.
You feel somewhat more hungry. Trog will no longer gift you weapons.
The alligator simulacrum bites you!!
* * * LOW HITPOINT WARNING * * *
The alligator simulacrum freezes you! You resist.
* * * LOW HITPOINT WARNING * * *
The alligator simulacrum closely misses you.
A red film seems to cover your vision as you go berserk!
You feel yourself moving faster!
You feel mighty!
You feel a lot more hungry.
You feel sick. The alligator simulacrum bites you!!
* * * LOW HITPOINT WARNING * * *
The alligator simulacrum freezes you! You resist.
* * * LOW HITPOINT WARNING * * *
The alligator simulacrum tail-slaps you but does no damage.
The alligator simulacrum bites you.
You die...

##. ..#.. . ... ..#.
#. .. ...# . .#... .
..# # . #. #.#.####
. #. # . #..#.
#..... ### #...
#...#...#.##.... #
#. #?.Z@........#
##.#..
#.#.#...##...##
#..#.
#....#....#.....#..
. ...#.....#...#..
.. . . ..# #.#.
#......# . ... .
#.#_.....#..###.#...
# #...##..#.#.#.#.
.#..# #.#. #.##
..#.#.... ## .. #. #
...#....#.. .


You could see an alligator simulacrum.

Vanquished Creatures
  Harold (D:11)
  2 hydras
  The ghost of Zleub the Spear-Bearer, a journeyman MfSk of Okawaru (Lair:1)
  2 two-headed ogres
  A thrashing horror (Abyss:1)
  2 unseen horrors
  A manticore (D:12)
  3 ugly things (D:12)
  A cyclops (D:11)
  2 smoke demons (Abyss:1)
  A guardian serpent (Abyss:1)
  A gargoyle (D:9)
  2 spiny frogs
  A komodo dragon (Lair:1)
  4 polar bears (Lair:1)
  2 trolls
  2 dream sheep (D:9)
  3 slime creatures (D:12)
  4 hippogriffs
  A large abomination (Abyss:1)
  2 shadows
  32 yaks
  A neqoxec (Abyss:1)
  5 hungry ghosts
  2 chaos spawn (Abyss:1)
  3 vampire mosquitoes (D:9)
  3 wargs (D:10)
  2 water moccasins
  4 porcupines
  A phantom (D:6)
  3 orc warriors
  9 ice beasts
  6 ogres
  An eye of draining (D:12)
  6 centaurs
  2 crocodiles
  6 big kobolds
  Blork the orc (D:6)
  13 bullfrogs
  3 small abominations (Abyss:1)
  3 scorpions
  8 killer bees
  5 wights (D:11)
  3 howler monkeys
  2 centaur zombies
  5 crimson imps
  A bullfrog zombie (D:9)
  A quasit (D:11)
  6 jellies
  2 centaur skeletons
  7 hounds
  5 orc wizards
  3 bullfrog skeletons
  2 orc priests
  2 iguanas (D:10)
  8 worker ants
  A killer bee zombie (D:5)
  A hound skeleton (D:11)
  A worker ant zombie (D:7)
  4 gnolls
  A howler monkey skeleton (D:4)
  14 adders
  2 shadow imps
  2 oozes
  An adder skeleton (D:5)
  2 adder zombies
  A worm (D:5)
  4 dart slugs
  7 leopard geckos
  14 orcs
  2 ball pythons
  11 giant cockroaches
  2 gnoll zombies (D:6)
  9 goblins
  9 hobgoblins
  5 jackals
  2 quokkas (D:3)
  7 bats
  6 frilled lizards
  23 kobolds
  A leopard gecko skeleton (D:4)
  A leopard gecko zombie (D:7)
  8 rats
  A fungus (Lair:1)
  3 plants
350 creatures vanquished.

Vanquished Creatures (collateral kills)
  A minotaur (Lab)
1 creature vanquished.

Vanquished Creatures (others)
  An orc wizard (D:9)
  2 plants
3 creatures vanquished.

Grand Total: 354 creatures vanquished

Notes
Turn   | Place    | Note
-------+----------+-------------------------------------------
     0 | D:1      | shakethe the Troll Berserker began the quest for the Orb.
     0 | D:1      | Reached XP level 1. HP: 22/22 MP: 0/0
    74 | D:1      | Reached XP level 2. HP: 25/29 MP: 1/1
   421 | D:1      | Reached ** piety under Trog
   421 | D:1      | Reached XP level 3. HP: 35/36 MP: 2/2
   764 | D:2      | Reached XP level 4. HP: 44/44 MP: 3/3
  1052 | D:2      | Reached skill level 5 in Maces & Flails
  1131 | D:2      | Found a glowing silver altar of Zin.
  1286 | D:3      | Reached XP level 5. HP: 45/50 MP: 4/4
  1624 | D:3      | Reached *** piety under Trog
  1659 | D:3      | Found a sacrificial altar of Ru.
  2022 | D:4      | Reached XP level 6. HP: 33/59 MP: 5/5
  2195 | D:4      | Found an iron altar of Okawaru.
  2830 | D:4      | Noticed Monsterracer's ghost (amateur FeMo)
  2884 | D:5      | Entered Level 5 of the Dungeon
  3127 | D:5      | Reached XP level 7. HP: 43/66 MP: 6/6
  3306 | D:5      | Received a gift from Trog
  3605 | D:5      | Found a radiant altar of Vehumet.
  4270 | D:6      | Found a stormy altar of Qazlal.
  4385 | D:6      | Found a white marble altar of Elyvilon.
  4385 | D:6      | Found a hide-covered altar of Uskayaw.
  4432 | D:6      | Noticed Blork the orc
  4442 | D:6      | Killed Blork the orc
  4472 | D:6      | Found a basalt altar of Yredelemnul.
  4548 | D:6      | Found a blossoming altar of Fedhas.
  4715 | D:6      | Reached XP level 8. HP: 36/74 MP: 7/7
  4764 | D:6      | Found Suvoebl Ogeo's Gadget Shop.
  4998 | D:7      | Found the +1 cloak of Starlight {rElec rC+ EV+4 Stlth--}
  5118 | D:7      | Noticed a hippogriff
  5143 | D:7      | Killed a hippogriff
  5188 | D:7      | Found an ornate altar of the Wu Jian Council.
  5239 | D:7      | Reached skill level 10 in Maces & Flails
  5347 | D:7      | Reached **** piety under Trog
  5524 | D:7      | Found a staircase to the Ecumenical Temple.
  5670 | Temple   | Entered the Ecumenical Temple
  6292 | D:8      | Found a shattered altar of Ashenzari.
  6487 | D:8      | Reached XP level 9. HP: 73/80 MP: 8/8
  7141 | D:8      | Found an ancient bone altar of Kikubaaqudgha.
  7512 | D:9      | Found a glowing silver altar of Zin.
  7800 | D:9      | Noticed a troll
  7815 | D:9      | Killed a troll
  7827 | D:9      | Got a smoking halberd {freeze}
  7908 | D:9      | Identified the +10 halberd "Rummage" {freeze, rC+} (You took it off an orc wizard on level 9 of the Dungeon)
  7951 | D:9      | Noticed a gargoyle
  7952 | D:9      | Reached skill level 1 in Polearms
  7978 | D:9      | Killed a gargoyle
  7978 | D:9      | Reached skill level 2 in Polearms
  7978 | D:9      | Reached XP level 10. HP: 88/88 MP: 9/9
  7981 | D:9      | Reached skill level 3 in Polearms
  7987 | D:9      | Got a transparent bronze ring
  8032 | D:9      | Noticed an unseen horror
  8050 | D:9      | Killed an unseen horror
  8050 | D:9      | Reached skill level 4 in Polearms
  8161 | D:9      | Reached skill level 5 in Polearms
  8173 | D:9      | Got a crude marble ring
  8182 | D:9      | Got a vibrating silver amulet
  8185 | D:9      | Got a clouded glass ring
  8444 | D:9      | Reached skill level 6 in Polearms
  8463 | D:9      | Noticed a three-headed hydra
  8485 | D:9      | Killed a three-headed hydra
  8485 | D:9      | Reached skill level 7 in Polearms
  8629 | D:9      | Found a deep blue altar of Sif Muna.
  8698 | D:9      | Identified the amulet "Jorov" {Gourm rF+ Int+7} (You found it on level 9 of the Dungeon)
  8699 | D:9      | Identified the ring of Lyoniula {rF++ MP+9 Int+2 Slay-2} (You took it off an orc warrior on level 9 of the Dungeon)
  8701 | D:9      | Identified the ring of the Aged Wars {rPois Dex+4} (You found it on level 9 of the Dungeon)
  8703 | D:9      | Identified the ring of Qazlal's Supremacy {rPois rF+ rN++ Str-5 Stlth-} (You found it on level 9 of the Dungeon)
  8851 | D:10     | Entered Level 10 of the Dungeon
  8957 | D:10     | Reached ***** piety under Trog
  8960 | D:10     | Reached skill level 8 in Polearms
  8968 | D:10     | Reached XP level 11. HP: 38/94 MP: 10/10
  9154 | D:10     | Found a staircase to the Orcish Mines.
  9334 | D:10     | Reached skill level 9 in Polearms
  9872 | D:11     | Received a gift from Trog
  9878 | D:11     | Noticed a two-headed ogre
  9888 | D:11     | Killed a two-headed ogre
  9908 | D:11     | Found a labyrinth entrance.
  9914 | D:11     | Noticed an unseen horror
  9918 | Lab      | Entered a labyrinth
  9958 | Lab      | Reached skill level 10 in Polearms
 10852 | Lab      | Noticed a minotaur
 10862 | Lab      | Killed a minotaur
 10929 | D:11     | Killed an unseen horror
 11056 | D:11     | Noticed Harold
 11081 | D:11     | Killed Harold
 11081 | D:11     | Reached skill level 11 in Polearms
 11312 | D:11     | Found a staircase to the Lair.
 11568 | D:12     | Noticed a white ugly thing
 11578 | D:12     | Killed a white ugly thing
 11641 | D:12     | Reached XP level 12. HP: 95/104 MP: 5/11
 11677 | D:12     | Noticed a two-headed ogre
 11685 | D:12     | Killed a two-headed ogre
 11939 | D:12     | Reached skill level 12 in Polearms
 12108 | D:12     | Found a frozen archway.
 12146 | D:12     | HP: 1/104 [large slime creature (39)]
 12365 | Lair:1   | Entered Level 1 of the Lair of Beasts
 12512 | Lair:1   | Got a steaming robe
 12558 | Lair:1   | Identified the +4 robe of Life {rElec Int-5 SInv} (You found it on level 1 of the Lair of Beasts)
 12735 | Lair:1   | Noticed Zleub's ghost (journeyman MfSk)
 12760 | Lair:1   | Killed Zleub's ghost
 12760 | Lair:1   | Reached skill level 13 in Polearms
 13349 | Lair:1   | Noticed a four-headed hydra
 13363 | Lair:1   | Killed a five-headed hydra
 13941 | Lair:2   | Noticed Sonja
 13948 | Lair:2   | Cast into level 1 of the Abyss (Sonja)
 13956 | Abyss:1  | Found a corrupted altar of Lugonu.
 13986 | Abyss:1  | Noticed a shadow dragon
 14041 | Abyss:1  | HP: 3/104 [apocalypse crab (13)]
 14381 | Abyss:1  | Noticed a red very ugly thing
 14423 | Abyss:1  | Lost intelligence.
 14427 | Abyss:1  | Found a corrupted altar of Lugonu.
 14458 | Abyss:1  | Gained mutation: You tend to lose your temper in combat. [a neqoxec]
 14459 | Abyss:1  | Gained mutation: You are occasionally teleported next to monsters. [a neqoxec]
 14460 | Abyss:1  | Gained mutation: You are sometimes teleported next to monsters. [a neqoxec]
 14464 | Abyss:1  | Noticed a starcursed mass
 14467 | Abyss:1  | Found a corrupted altar of Lugonu.
 14475 | Abyss:1  | Noticed a tentacled starspawn
 14514 | Abyss:1  | Reached skill level 14 in Polearms
 14555 | Abyss:1  | Reached XP level 13. HP: 106/110 MP: 12/12
 14556 | Abyss:1  | Gained mutation: You are clumsy. (Dex -2) [a neqoxec]
 14561 | Abyss:1  | Gained mutation: You are very clumsy. (Dex -4) [a neqoxec]
 14584 | Abyss:1  | Found a hazy altar of Hepliaklqana.
 14601 | Abyss:1  | HP: 1/165 [alligator simulacrum (8)]
 14601 | Abyss:1  | Slain by an alligator simulacrum

Skill      XL: |  1  2  3  4  5  6  7  8  9 10 11 12 |
---------------+-------------------------------------+-----
Maces & Flails | 3 4 5 6 7 9 11 12 | 12.7
Polearms       | 2 8 11 14 | 14.1
Fighting       | |  2.4
Dodging        | |  2.4

Action                   |  1- 3 |  4- 6 |  7- 9 | 10-12 | 13-15 || total
-------------------------+-------+-------+-------+-------+-------++-------
Melee: Mace              |    86 |   288 |   117 |       |       ||   491
       Dire flail        |       |       |   322 |    42 |       ||   364
       Flail             |       |       |     8 |       |       ||     8
       Halberd           |       |       |       |   466 |    15 ||   481
Invok: Berserk           |       |     4 |     6 |    11 |     1 ||    22
       Trog's Hand       |       |       |     1 |     7 |     1 ||     9
       Brothers in Arms  |       |       |       |     1 |       ||     1
  Use: Scroll            |       |       |    19 |    13 |       ||    32
       Potion            |       |       |       |     5 |       ||     5
 Stab: Sleeping          |     1 |       |       |       |       ||     1
       Paralysed         |       |     1 |       |       |       ||     1
  Eat: Chunk             |     4 |    24 |    39 |    71 |       ||   138
       Ration            |       |     1 |     5 |     4 |       ||    10
Armor: Animal skin       |    35 |   111 |    68 |       |       ||   214
       Robe              |       |       |    63 |   135 |     4 ||   202
Dodge: Dodged            |    44 |   188 |   283 |   337 |    11 ||   863
